 Dungeon Crawl Stone Soup version 0.18-a0-1535-g243bd92 (webtiles) character file.

410 sbjvksfvbljs the Firebug (level 6, -4/57 HPs)
             Began as a Troll Fire Elementalist on Mar 9, 2016.
             Slain by an ogre
             ... wielding a +0 giant club
              (21 damage)
             ... on level 4 of the Dungeon.
             The game lasted 00:13:23 (4065 turns).

sbjvksfvbljs the Firebug (Troll Fire Elementalist)  Turns: 4065, Time: 00:13:23

Health: -4/57      AC:  6    Str: 20 (22) XL:     6   Next: 58%
Magic:  8/8        EV: 10    Int: 12 (13) God:
Gold:   111        SH:  0    Dex:  7 (10) Spells: 3 memorised, 3 levels left

rFire  . . .     SeeInvis .       - Unarmed
rCold  . . .     Gourm    +     a - +0 robe
rNeg   + . .     Faith    .     (no shield)
rPois  .         Spirit   .     (helmet restricted)
rElec  .         Dismiss  .     d - +0 cloak
rCorr  .         Reflect  .     (gloves unavailable)
SustAt .         Harm     .     (boots unavailable)
MR     .....                    (no amulet)
Stlth  ++........               n - ring of stealth
                                p - ring of positive energy

@: mighty, not resistant to hostile enchantments, unstealthy
A: unfitting armour, claws 3, fast metabolism 3, gourmand, regeneration 2,
shaggy fur 1, tough skin 2
a: no special abilities


You were on level 4 of the Dungeon.
You were full.

You visited 1 branch of the dungeon, and saw 4 of its levels.

You collected 111 gold pieces.

Inventory:

Armour
 a - a +0 robe (worn)
 d - a +0 cloak (worn)
Jewellery
 f - an uncursed amulet of faith
 m - an uncursed ring of flight
 n - a ring of stealth (right claw)
 p - a ring of positive energy (left claw)
Wands
 k - a wand of iceblast (3/15)
Scrolls
 j - 2 scrolls of recharging
 q - a scroll of remove curse
Potions
 e - 2 potions of cure mutation
Books
 b - a book of Flames

   Spells                             Type                      Level
   a - Flame Tongue                   Conjuration/Fire             1
   b - Throw Flame                    Conjuration/Fire             2
   c - Conjure Flame                  Conjuration/Fire             3
   d - Inner Flame                    Hexes/Fire                   3
   e - Sticky Flame                   Conjuration/Fire             4
   f - Fireball                       Conjuration/Fire             5
Comestibles
 c - 4 bread rations
 i - 8 fruits
 o - 2 meat rations


   Skills:
 + Level 1.7 Fighting
 + Level 2.4 Dodging
 - Level 1.1 Stealth
 + Level 2.7 Unarmed Combat
 * Level 2.3 Spellcasting
 + Level 2.0 Conjurations
 + Level 2.9 Fire Magic


You had 3 spell levels left.
You knew the following spells:

 Your Spells              Type           Power        Failure   Level  Hunger
a - Flame Tongue          Conj/Fire      #....        12%         1    ##.....
b - Throw Flame           Conj/Fire      #.....       14%         2    ###....
c - Conjure Flame         Conj/Fire      #.......     30%         3    ####...


Dungeon Overview and Level Annotations

Branches:
Dungeon (4/15)
 Temple: D:4-7

Altars:
Fedhas
Gozag


Innate Abilities, Weirdness & Mutations

You are too large for most types of armour.
You have claws for hands.
Your metabolism is lightning-fast.
You like to eat raw meat.
You heal very quickly.
You are covered in fur (AC +1).
You have very tough skin (AC +2).


Message History

You scratch the ogre.
The ogre is almost dead.
The ogre hits you with a giant club!!
* * * LOW HITPOINT WARNING * * *
Unknown command.
Drink which item? (? for menu, Esc to quit)
You feel better. The ogre barely misses you.
Drink which item? (? for menu, Esc to quit)
It was a potion of degeneration.
There was something very wrong with that liquid.
You feel weakened.
You feel dopey.
You feel clumsy. The ogre hits you with a giant club!
* * * LOW HITPOINT WARNING * * *
Drink which item? (? for menu, Esc to quit)
It was a potion of might.
You feel very mighty all of a sudden.
You barely miss the ogre.
The ogre is almost dead.
The ogre hits you with a giant club!!
You die...

...#
##...#....##
#### ######.###
#.# #.# #..
#######.###.# ..
#....#......##.#
####....#####..
####.#.....#..
#......###@#.#
#.###.## #O#.#
#.....# #Za.#
#.##### #†.##
### #..### #
#....## #
#.##.O#
##.###.######
#...........#


You could see an ogre, a worker ant and a quokka skeleton.

Vanquished Creatures
  2 scorpions (D:4)
  A howler monkey (D:4)
  A crimson imp (D:4)
  An orc wizard (D:3)
  3 worker ants (D:4)
  4 adders
  3 oozes
  4 worms
  2 dart slugs (D:3)
  2 giant geckos
  4 orcs (D:3)
  A giant cockroach (D:3)
  8 goblins
  6 hobgoblins
  9 jackals
  9 kobolds
  2 quokkas
  9 bats
  2 giant newts
  6 rats
79 creatures vanquished.

Notes
Turn   | Place    | Note
--------------------------------------------------------------
     0 | D:1      | sbjvksfvbljs the Troll Fire Elementalist began the quest for the Orb.
     0 | D:1      | Reached XP level 1. HP: 16/16 MP: 1/1
   247 | D:1      | Reached XP level 2. HP: 21/26 MP: 2/2
   248 | D:1      | Reached skill level 1 in Conjurations
   388 | D:1      | Learned a level 2 spell: Throw Flame
   501 | D:1      | Reached skill level 1 in Unarmed Combat
   557 | D:1      | Reached XP level 3. HP: 20/32 MP: 4/4
  1276 | D:2      | Reached skill level 1 in Fighting
  1445 | D:2      | Found an opulent altar of Gozag.
  1483 | D:2      | Reached XP level 4. HP: 41/41 MP: 5/5
  2447 | D:3      | Found a blossoming altar of Fedhas.
  2724 | D:3      | Reached XP level 5. HP: 31/48 MP: 6/6
  2948 | D:3      | Learned a level 3 spell: Conjure Flame
  3722 | D:4      | Reached XP level 6. HP: 52/55 MP: 8/8
  4065 | D:4      | Slain by an ogre

Vault maps used:
D:1:      erik_arrival_blinker_ship
D:2:      minivault_27, nicolae_gozag_seed_capital
D:3:      fedhas_altar_fruit_tree, first_bread
D:4:      grunt_dithmenos_smoke, minitemple, temple_hall, serial_shops,
          nicolae_shop_crystal

Skill      XL: |  1  2  3  4  5  6 |
---------------+-------------------+-----
Conjurations   | 1 2 |  2.0
Unarmed Combat | 1 2 |  2.7
Fighting       | 1 |  1.7
Dodging        | 2 |  2.4
Spellcasting   | 2 |  2.3
Stealth        | |  1.1
Fire Magic     | |  2.9

Action                   |  1- 3 |  4- 6 || total
-------------------------+-------+-------++-------
Melee: Unarmed           |    91 |   178 ||   269
 Cast: Flame Tongue      |     5 |       ||     5
Evoke: Wand              |       |     3 ||     3
  Use: Scroll            |     2 |     6 ||     8
       Potion            |       |     4 ||     4
 Stab: Sleeping          |     2 |     6 ||     8
  Eat: Chunk             |    19 |    21 ||    40
